 Dungeon Crawl Stone Soup version 0.24-a0-586-g8e0e932a4c (webtiles) character file.

Game seed: 7463889083882838899, levelgen mode: deterministic

4 MackTheKnife the Chiller (level 1, -1/12 HPs)
             Began as a Tengu Wanderer on Sept 8, 2019.
             Slain by an ooze (3 damage)
             ... on level 1 of the Dungeon.
             The game lasted 00:01:00 (186 turns).

MackTheKnife the Chiller (Tengu Wanderer)            Turns: 186, Time: 00:01:00

Health: -1/12      AC:  2    Str: 11    XL:     1   Next: 60%
Magic:  0/4        EV: 11    Int: 13    God:
Gold:   0          SH:  0    Dex: 13    Spells: 3/4 levels left

rFire    . . .     SeeInvis .   a - +0 dagger
rCold    . . .     Gourm    .   (no shield)
rNeg     . . .     Faith    .   d - +0 robe
rPois    .         Spirit   .   (helmet restricted)
rElec    .         Reflect  .   (no cloak)
rCorr    .         Harm     .   (no gloves)
MR       +....                  (boots unavailable)
Stlth    +.........             (no amulet)
HPRegen  0.04/turn              b - ring of protection from magic {MR+, !d}
MPRegen  0.09/turn              (no ring)

@: very slightly contaminated
A: beak, talons 3
a: no special abilities


You were on level 1 of the Dungeon.
You were not hungry.

You visited 1 branch of the dungeon, and saw 1 of its levels.

Inventory:

Hand Weapons
 a - a +0 dagger (weapon)
Armour
 d - a +0 robe (worn)
Jewellery
 b - a ring of protection from magic (left hand) {MR+, !d}
   (You found it on level 1 of the Dungeon)
Comestibles
 f - a ration


   Skills:
 + Level 1.1 Fighting
   Level 1.0 Shields
 - Level 2.0 Spellcasting
   Level 1.0 Charms
   Level 1.0 Transmutations
 - Level 2.6 Ice Magic
   Level 1.0 Poison Magic
   Level 1.0 Evocations


You had 3 spell levels left.
You knew the following spells:

 Your Spells              Type           Power        Failure   Level  Hunger
z - Freeze                Ice            #...         9%          1    ##.....

Your spell library contained the following spells:

 Spells                   Type           Power        Failure   Level  Hunger
 Sting                    Conj/Pois      #...         21%         1    ##.....
 Throw Frost              Conj/Ice       #.....       22%         2    ###....
 Shock                    Conj/Air       #...         26%         1    ##.....
 Ozocubu's Armour         Chrm/Ice       #.......     34%         3    ####...
 Mephitic Cloud           Conj/Pois/Air  #.......     54%         3    ####...
 Static Discharge         Conj/Air       #.......     58%         3    ####...
 Summon Ice Beast         Ice/Summ       #.......     82%         4    #####..
 Throw Icicle             Conj/Ice       #.......     82%         4    #####..


Dungeon Overview and Level Annotations

Branches:
Dungeon (1/15)

Altars:


Innate Abilities, Weirdness & Mutations

You have a beak for a mouth.
You have claws for feet.


Message History

Found 20 stones, a pearl ring and 13 bolts.
Found two stairs.
You begin with the following items: a +0 dagger, a +0 robe, a ration; and the following spells available to memorise: Freeze, Sting, Throw Frost, Shock, Ozocubu's Armour, Mephitic Cloud, Static Discharge, Summon Ice Beast, Throw Icicle.
Unknown command.
Okay, then.
Okay, then.
b - a pearl ring Put on which piece of jewellery? (? for menu, Esc to quit)
b - a ring of protection from magic (left hand)
A frilled lizard comes into view.
The frilled lizard hisses angrily.
You don't know any spells.
The frilled lizard unfolds its giant frill.
The frilled lizard bites you.
You take 2 damage, and have 8/10 hp.
You miss the frilled lizard. The frilled lizard barely misses you.
You hit the frilled lizard. Your kick misses the frilled lizard.
The frilled lizard bites you.
You take 3 damage, and have 5/10 hp.
MASSIVE DAMAGE!!
You hit the frilled lizard but do no damage.
You claw the frilled lizard.
You kill the frilled lizard!
You enter the shallow water.
Moving in this stuff is going to be slow.
Memorise Freeze, consuming 1 spell level and leaving 3?
You start memorising the spell.
You continue memorising.
You finish memorising.
Spell assigned to 'a'.
You start resting.
A giant cockroach comes into view.
Health restored: 10 A giant cockroach is nearby!
A giant cockroach is nearby!
A leopard gecko and an ooze come into view.
The leopard gecko hisses angrily.
The ooze quivers.
The ooze jiggles.
The giant cockroach misses you. The giant cockroach bites you.
You take 1 damage, and have 9/10 hp.
You don't know that spell.
Unknown command.
Unknown command.
Unknown command.
Adjust (i)tems, (s)pells, or (a)bilities?
Adjust which spell? a - Freeze Adjust to which letter? z - Freeze
Aim: a leopard gecko (clinging)
You freeze the leopard gecko.
The leopard gecko seems to slow down.
The leopard gecko bites you.
You take 1 damage, and have 8/10 hp.
You now have 3/4 mp.
Aim: a leopard gecko (almost dead, slow, clinging)
You freeze the leopard gecko.
You kill the leopard gecko!
You now have 2/4 mp.
You hit the giant cockroach but do no damage.
Your kick misses the giant cockroach. The giant cockroach barely misses you.
The giant cockroach bites you.
You take 1 damage, and have 8/11 hp.
Aim: a giant cockroach (clinging)
You freeze the giant cockroach. The giant cockroach bites you.
You take 2 damage, and have 6/11 hp.
You now have 1/4 mp.
You barely miss the giant cockroach. The giant cockroach closely misses you.
You hit the giant cockroach.
You peck the giant cockroach, but do no damage.
The giant cockroach barely misses you.
You barely miss the giant cockroach. Your peck misses the giant cockroach.
The giant cockroach bites you.
You take 1 damage, and have 5/11 hp.
You closely miss the giant cockroach.
The giant cockroach bites you but does no damage.
The giant cockroach bites you.
You take 1 damage, and have 4/11 hp.
You closely miss the giant cockroach.
You claw the giant cockroach, but do no damage.
The giant cockroach closely misses you.
You closely miss the giant cockroach. The giant cockroach barely misses you.
You barely miss the giant cockroach. The giant cockroach bites you.
* * * LOW HITPOINT WARNING * * *
You take 1 damage, and have 3/11 hp.
You hit the giant cockroach but do no damage.
Your kick misses the giant cockroach. Your peck misses the giant cockroach.
The giant cockroach bites you but does no damage.
You hit the giant cockroach.
You kill the giant cockroach!
Your Fighting skill increases to level 1!
Aim: an ooze You miscast Freeze.
You are very lightly contaminated with residual magic.
A chill runs through your body. The ooze closely misses you.
You now have 1/4 mp.
Aim: an ooze You miscast Freeze.
Frost covers your body. The ooze hits you.
* * * LOW HITPOINT WARNING * * *
You take 1 damage, and have 2/12 hp.
You now have 0/4 mp.
You hit the ooze but do no damage. The ooze hits you.
You die...

...................
#....................
.....!..............
...............%...
..........%....(...
.P.P..............
#... #≈#P.............
#....##≈##...##J#.####
#....≈≈≈≈≈..###@#
.....##≈##..# #....#
.#...P#≈#P..# #....#
......P(P...#......#
...............#...#
.......<...>...#...#
...............#?..#
......P.P..#.(.#...#
...#.P#≈#P.#...#


You could see an ooze.

Vanquished Creatures
  A leopard gecko (D:1)
  A giant cockroach (D:1)
  A frilled lizard (D:1)
3 creatures vanquished.

Notes
Turn   | Place    | Note
-------+----------+-------------------------------------------
     0 | D:1      | MackTheKnife the Tengu Wanderer began the quest for the
                  | Orb.
     0 | D:1      | MackTheKnife set off with the following items: a +0 dagger,
                  | a +0 robe, a ration; and the following spells available to
                  | memorise: Freeze, Sting, Throw Frost, Shock, Ozocubu's
                  | Armour, Mephitic Cloud, Static Discharge, Summon Ice Beast,
                  | Throw Icicle
     0 | D:1      | Reached XP level 1. HP: 10/10 MP: 4/4
    25 | D:1      | Learned a level 1 spell: Freeze
   183 | D:1      | Reached skill level 1 in Fighting
   185 | D:1      | HP: 2/12 [ooze (1)]
   186 | D:1      | Slain by an ooze

Levels and vault maps discovered:
D:1:      eino_arrival_water_cross, layout_rooms

Skill      XL: |  1 |
---------------+----+-----
Fighting       | 1 |  1.1
Shields        | |  1.0
Spellcasting   | |  2.0
Charms         | |  1.0
Transmutations | |  1.0
Ice Magic      | |  2.6
Poison Magic   | |  1.0
Evocations     | |  1.0

Action                   || total
-------------------------++-------
Melee: Dagger            ||    14
       Kick              ||     2
       Peck              ||     1
 Cast: Freeze            ||     3
Armor: Robe              ||     2
Dodge: Dodged            ||     8

Table legend:
 A = Non-vault XP
 B = Vault XP
 C = Vault XP percentage of total XP
 D = Non-vault monster count
 E = Vault monster count
 F = Vault count percentage of total count
                 A         B        C        D         E       F
            +---------+---------+-------+---------+---------+-------
      Total |       6 |       0 |   0.0 |       3 |       0 |   0.0
            +---------+---------+-------+---------+---------+-------
        D:1 |       6 |       0 |   0.0 |       3 |       0 |   0.0
            +---------+---------+-------+---------+---------+-------

Levels and vault maps discovered:
D:1:      eino_arrival_water_cross, layout_rooms

Table legend:
 A = Turns spent in this place as a percentage of turns spent in the entire game.
 B = Non-inter-level travel turns spent in this place as a percentage of non-inter-level travel turns spent in the entire game.
 C = Inter-level travel turns spent in this place as a percentage of turns spent in this place.
 D = Turns resting spent in this place as a percentage of non-inter-level travel turns spent in this place.
 E = Turns spent auto-exploring this place as a percentage of non-inter-level travel turns spent in this place.
 F = Non-inter-level travel turns spent in this place divided by the number of levels of this place that you've seen.
                   A       B       C       D       E      F
               +-------+-------+-------+-------+-------+----------------------
         Total | 100.0 | 100.0 |   0.0 |  75.3 |   1.1 | 186.0
       Dungeon | 100.0 | 100.0 |   0.0 |  75.3 |   1.1 | 186.0
               +-------+-------+-------+-------+-------+----------------------

Table legend:
 A = Kills in this place as a percentage of kills in entire the game.
 B = Kills by you in this place as a percentage of kills by you in the entire game.
 C = Kills by friends in this place as a percentage of kills by friends in the entire game.
 D = Other kills in this place as a percentage of other kills in the entire game.
 E = Experience gained in this place as a percentage of experience gained in the entire game.
 F = Experience gained in this place divided by the number of levels of this place that you have seen.
                   A       B       C       D       E      F
               +-------+-------+-------+-------+-------+----------------------
         Total | 100.0 | 100.0 |   N/A |   N/A | 100.0 |   6.0
       Dungeon | 100.0 | 100.0 |   N/A |   N/A | 100.0 |   6.0
               +-------+-------+-------+-------+-------+----------------------
